 Dungeon Crawl Stone Soup version 0.24.0-1-gfbc8707 (webtiles) character file.

Game seed: 6804300523369566542, levelgen mode: deterministic

1612 Dorkslayer the Slasher (level 8, -3/42 HPs)
             Began as a Vine Stalker Fighter on Nov 13, 2019.
             Was a Follower of Dithmenos.
             Slain by an orc warrior
             ... wielding a +0 battleaxe
              (19 damage)
             ... on level 6 of the Dungeon.
             The game lasted 00:25:14 (4595 turns).

Dorkslayer the Slasher (Vine Stalker Fighter)       Turns: 4595, Time: 00:25:15

Health: -3/42      AC: 15    Str: 20    XL:     8   Next: 95%
Magic:  0/11       EV:  4    Int:  8    God:    Dithmenos [*.....]
Gold:   255        SH: 10    Dex: 15    Spells: 10/10 levels left

rFire    . . .     SeeInvis .   a - +1 long sword
rCold    . . .     Gourm    +   c - +0 shield
rNeg     + . .     Faith    .   d - +0 plate armour {rN+}
rPois    .         Spirit   +   w - +1 helmet
rElec    .         Reflect  .   (no cloak)
rCorr    .         Harm     .   k - +0 pair of gloves
MR       +....                  (no boots)
Stlth    ..........             o - amulet of the gourmand
HPRegen  0.54/turn              (no ring)
MPRegen  0.12/turn              (no ring)

@: wreathed by umbra
A: fangs 3, regeneration 1, magic shield, antimagic bite, no potion heal 3, rot
immunity
a: Renounce Religion


You were on level 6 of the Dungeon.
You worshipped Dithmenos.
Dithmenos was aware of your devotion.
You were not hungry.

You visited 1 branch of the dungeon, and saw 7 of its levels.

You collected 299 gold pieces.
You spent 44 gold pieces at shops.

Inventory:

Hand Weapons
 a - a +1 long sword (weapon)
Missiles
 b - 2 boomerangs
 i - 29 poisoned darts
 m - 3 javelins (quivered)
Armour
 c - a +0 shield (worn)
 d - a +0 plate armour of positive energy (worn)
 k - a +0 pair of gloves (worn)
 w - a +1 helmet (worn)
Jewellery
 o - an amulet of the gourmand (around neck)
 t - an uncursed amulet of guardian spirit {unknown}
Wands
 p - a wand of digging (3)
 q - a wand of random effects (15)
Scrolls
 e - 4 scrolls of remove curse
 j - 3 scrolls of teleportation
 s - a scroll of amnesia
 v - a scroll of enchant armour {unknown}
 y - a scroll of identify
Potions
 g - 3 potions of lignification
 h - a potion of curing {unknown}
 l - 2 potions of brilliance {unknown}
 n - a potion of haste
 r - a potion of invisibility
 u - a potion of might
 z - a potion of agility {unknown}
Comestibles
 f - 10 rations
 x - a chunk of flesh


   Skills:
 + Level 4.2 Fighting
 + Level 5.0 Long Blades
 + Level 2.7 Throwing
 + Level 4.0 Armour
 + Level 1.5 Dodging
 + Level 1.3 Stealth
 + Level 4.2 Shields
 * Level 1.6 Spellcasting
 * Level 3.4 Invocations
 * Level 3.2 Evocations


You had 10 spell levels left.
You didn't know any spells.
Your spell library contained the following spells:

 Spells                   Type           Power        Failure   Level  Hunger
 Sandblast                Erth           #.....       100%        1    ##.....
 Passwall                 Tmut/Erth      #.......     100%        2    ###....
 Stone Arrow              Conj/Erth      #.....       100%        3    ####...
 Petrify                  Tmut/Erth      #.......     100%        4    #####..
 Lee's Rapid Deconstruct  Erth           #.........   100%        5    ######.


Dungeon Overview and Level Annotations

Branches:
Dungeon (7/15)             Temple (0/1) D:5

Altars:
Dithmenos
Elyvilon
Fedhas
Kikubaaqudgha
Makhleb
Trog
Zin
The Shining One

Shops:
D:4 ?


Innate Abilities, Weirdness & Mutations

You have razor-sharp teeth.
Your natural rate of healing is unusually fast.
When hurt, damage is shared between your health and your magic reserves.
Your bite disrupts and absorbs the magic of your enemies.
Potions cannot restore your health.
You are immune to rotting.


Message History

You climb downwards.
There is a stone staircase leading up here.
You hit the orc warrior but do no damage.
Your bite misses the orc warrior.
The orc warrior hits you with a +0 battleaxe!
You closely miss the orc warrior. Your bite misses the orc warrior.
The orc warrior hits you but does no damage.
You slash the orc warrior!
The orc warrior is heavily wounded.
The orc warrior hits you but does no damage.
You hit the orc warrior.
The orc warrior is heavily wounded.
The orc warrior hits you with a +0 battleaxe!!
Your plate armour prevents you from hitting the orc warrior.
The orc warrior is heavily wounded.
You block the orc warrior's attack.
You hit the orc warrior but do no damage.
The orc warrior is heavily wounded.
The orc warrior hits you with a +0 battleaxe!!
You die...

###..# #.# .....##
#.########.
###...######..........
#.#.........#######.
#...####........#
##### ##...###.# ##..#
##.#######.#
#...@o....#
###########


You could see an orc warrior.

Vanquished Creatures
  Pikel (D:6)
  2 sky beasts (D:5)
  A phantom (D:4)
  An ogre (D:4)
  A bullfrog (D:6)
  A water moccasin zombie (D:5)
  2 scorpions
  A howler monkey (D:4)
  A crimson imp (D:5)
  2 orc wizards
  2 orc priests (D:6)
  A hound (D:5)
  Terence (D:2)
  An iguana (D:5)
  Natasha (thrice) (D:2)
  3 worker ants
  A killer bee zombie (D:5)
  6 adders
  2 shadow imps
  4 worms
  2 leopard geckos
  5 orcs
  4 giant cockroaches
  2 goblins
  8 hobgoblins
  12 jackals
  A quokka (D:3)
  6 bats
  6 frilled lizards
  5 kobolds
  2 rats
90 creatures vanquished.

Vanquished Creatures (others)
  A jelly (D:6)
  2 orc wizards (D:6)
  A shadow imp (D:6)
  3 orcs (D:6)
7 creatures vanquished.

Grand Total: 97 creatures vanquished

Notes
Turn   | Place    | Note
-------+----------+-------------------------------------------
     0 | D:1      | Dorkslayer the Vine Stalker Fighter began the quest for the
                  | Orb.
     0 | D:1      | Reached XP level 1. HP: 11/11 MP: 2/2
   335 | D:1      | Reached XP level 2. HP: 7/16 MP: 1/3
   715 | D:1      | Reached XP level 3. HP: 20/20 MP: 4/4
   835 | D:2      | Reached skill level 2 in Long Blades
  1131 | D:2      | Gained mutation: Your natural rate of healing is unusually
                  | fast. [Vine Stalker growth]
  1131 | D:2      | Reached XP level 4. HP: 22/24 MP: 5/5
  1198 | D:2      | Reached skill level 1 in Throwing
  1218 | D:2      | Noticed Natasha
  1222 | D:2      | Killed Natasha
  1248 | D:2      | Noticed Terence
  1261 | D:2      | Killed Terence
  1261 | D:2      | Reached XP level 5. HP: 18/28 MP: 3/6
  1329 | D:2      | Found a burning altar of Makhleb.
  1331 | D:2      | Found a blossoming altar of Fedhas.
  1332 | D:2      | Found a glowing silver altar of Zin.
  1332 | D:2      | Found a glowing golden altar of the Shining One.
  1334 | D:2      | Found a shadowy altar of Dithmenos.
  1337 | D:2      | Found a white marble altar of Elyvilon.
  1350 | D:2      | Became a worshipper of Dithmenos the Shadowed
  1679 | D:3      | Found a bloodstained altar of Trog.
  1915 | D:2      | Noticed Natasha
  1977 | D:2      | Killed Natasha
  2004 | D:2      | Noticed Natasha
  2014 | D:2      | Killed Natasha
  2014 | D:2      | Reached skill level 3 in Long Blades
  2195 | D:3      | Reached XP level 6. HP: 32/32 MP: 7/7
  2651 | D:4      | Reached skill level 1 in Dodging
  2714 | D:4      | Reached skill level 1 in Evocations
  2849 | D:4      | Noticed a phantom
  2880 | D:4      | You fall into a shaft and drop 3 floors!
  2917 | D:6      | Reached skill level 1 in Invocations
  2929 | D:5      | Entered Level 5 of the Dungeon
  3270 | D:4      | Found Adeurudo's Magic Scroll Shop.
  3273 | D:4      | Bought a scroll of identify for 22 gold pieces
  3273 | D:4      | Bought a scroll of identify for 22 gold pieces
  3509 | D:4      | Reached XP level 7. HP: 10/36 MP: 9/9
  3613 | D:5      | Reached * piety under Dithmenos
  3727 | D:5      | Found an ancient bone altar of Kikubaaqudgha.
  3843 | D:5      | Reached skill level 4 in Long Blades
  3860 | D:5      | Gained mutation: You have razor-sharp teeth. [Vine Stalker
                  | growth]
  3860 | D:5      | Reached XP level 8. HP: 30/42 MP: 8/10
  3928 | D:5      | Found a staircase to the Ecumenical Temple.
  4101 | D:4      | Reached skill level 1 in Stealth
  4177 | D:6      | Noticed Pikel
  4193 | D:6      | Killed Pikel
  4193 | D:6      | Reached skill level 1 in Spellcasting
  4227 | D:6      | Reached skill level 5 in Long Blades
  4586 | D:5      | Noticed a rust devil
  4586 | D:5      | Noticed a rust devil
  4595 | D:6      | Slain by an orc warrior

Levels and vault maps discovered:
D:1:      dpeg_arrival_lava_temple_mockup, layout_basic
D:2:      layout_rooms, minitemple, minmay_misc_feat_x, uniq_natasha,
          uniq_terence
D:3:      layout_basic, marbit_many_paths, chequers_serial_rivers_micro_b
D:4:      layout_basic, serial_shops, nicolae_shop_trees
D:5:      cheibrodos_iron_armory, layout_rooms, lemuel_doored_altar,
          minmay_temple_entry_waves, first_ration
D:6:      layout_loops_corners, bh_walls_and_bars, uniq_pikel
D:7:      layout_rooms, uniq_joseph

Skill      XL: |  1  2  3  4  5  6  7  8 |
---------------+-------------------------+-----
Fighting       | 3 4 |  4.2
Shields        | 3 4 |  4.2
Long Blades    | 2 3 4 5 |  5.0
Throwing       | 1 2 |  2.7
Armour         | 3 4 |  4.0
Dodging        | 1 |  1.5
Evocations     | 1 2 3 |  3.2
Invocations    | 1 2 3 |  3.4
Stealth        | 1 |  1.3
Spellcasting   | 1 |  1.6

Action                   |  1- 3 |  4- 6 |  7- 9 || total
-------------------------+-------+-------+-------++-------
Melee: Long sword        |    63 |   132 |   127 ||   322
       Bite              |    15 |    34 |    41 ||    90
       Unarmed           |       |     1 |       ||     1
Throw: Dart              |    12 |    32 |     8 ||    52
       Javelin           |       |       |     6 ||     6
Evoke: Wand              |       |     1 |     2 ||     3
  Use: Potion            |     2 |     1 |       ||     3
       Scroll            |       |     7 |     1 ||     8
 Stab: Distracted        |     1 |       |       ||     1
  Eat: Chunk             |     1 |     4 |     7 ||    12
       Ration            |       |     1 |       ||     1
Armor: Scale mail        |    30 |    54 |    21 ||   105
       Skin              |       |     3 |       ||     3
       Plate armour      |       |       |    32 ||    32
Dodge: Dodged            |    20 |    44 |    32 ||    96
Block: Shield            |    24 |    73 |    60 ||   157
       Rpst.: Long sword |     5 |    14 |     8 ||    27
